 Seeded DCSS version 0.31-a0-496-g6f97920a28 (webtiles) character file.

Game seed: 7415222406553760909 (custom seed)

7 innerfire43 the Trooper (level 1, -2/18 HPs)
             Began as a Demonspawn Monk on Aug 8, 2023.
             Slain by a jackal (3 damage)
             ... on level 1 of the Dungeon.
             The game lasted 00:00:21 (81 turns).

innerfire43 the Trooper (Demonspawn Monk)             Turns: 81, Time: 00:00:21

Health: -2/18      AC:  2    Str: 11    XL:     1   Next: 83%
Magic:  1/1        EV: 13    Int: 11    God:
Gold:   17         SH:  0    Dex: 15    Spells: 0/0 levels left

rFire   . .          .
                       - Unarmed
rCold   . . .        c - orb {light}
rNeg    . . .        a - +0 robe
rPois   .            (no helmet)
rElec   .            (no cloak)
rCorr   .            (no gloves)
SInv    .            (no boots)
Will    .....        (no amulet)
Stlth   +            (no ring)
HPRegen 0.23/turn    (no ring)
MPRegen 0.07/turn

%: no passive effects
@: glowing
A: no striking features
a: no special abilities


You were on level 1 of the Dungeon.
You visited 1 branch of the dungeon, and saw 1 of its levels.

You collected 17 gold pieces.

Inventory:

Armour
 a - a +0 robe (worn)
 c - an orb of light (worn)
Jewellery
 d - a ring of wizardry
Potions
 e - a potion of curing {unknown}


   Skills:
 - Level 3.0 Fighting
 + Level 2.8 Dodging
 + Level 2.8 Unarmed Combat
 * Level 0.6 Shapeshifting


You couldn't memorise any spells.
You didn't know any spells.
Your spell library was empty.

Dungeon Overview and Level Annotations

Branches:
Dungeon (1/15)

Altars:


Message History

The bat closely misses you. The jackal barely misses you.
The jackal misses you.
The jackal bites you but does no damage.
You bump into the rock wall.
You feel less invigorated.
You feel less confused. The giant cockroach closely misses you.
The jackal bites you. The jackal misses you. The bat closely misses you.
The jackal misses you.
The giant cockroach bites you but does no damage.
Unknown command.
You hit the giant cockroach but do no damage.
The bat barely misses you.
The jackal bites you but does no damage.
The jackal bites you. x2; The jackal closely misses you.
The jackal bites you. The giant cockroach barely misses you.
The jackal closely misses you.
Unknown command.
You hit the giant cockroach.
The giant cockroach is almost dead.
The bat hits you but does no damage. The jackal bites you. x2
* * * LOW HITPOINT WARNING * * *
The giant cockroach closely misses you. The jackal closely misses you.
Unknown command.
You hit the giant cockroach but do no damage.
The giant cockroach is almost dead.
The bat barely misses you. The bat hits you but does no damage.
The jackal barely misses you. x2; The jackal bites you.
* * * LOW HITPOINT WARNING * * *
The giant cockroach closely misses you. The bat completely misses you.
You hit the giant cockroach.
You kill the giant cockroach!
The bat misses you.
The jackal bites you but does no damage.
The bat hits you.
* * * LOW HITPOINT WARNING * * *
The jackal misses you. The jackal barely misses you. The jackal bites you.
* * * LOW HITPOINT WARNING * * *
The jackal closely misses you.
You barely miss the rat. The bat closely misses you.
The jackal closely misses you. The rat bites you but does no damage.
The jackal misses you. The jackal closely misses you. The jackal bites you.
You die...

.. .###.####.. ....
#####.##....
..#.####.#<#.##...
.....#..###.###.. ##.
#..#.....##.#.#. ### #..
###.#....#.#.# .... #.#
##.....#.....## .....
#.####...#..........
)....##Br@.........#......
.......$hhhb...#####......
#....#...g.......###......
..............)...###.###.
.........####..#..##... #.
......>.## #..######.# #.
.....>..# #.†# .. #.
........# #.## # #.
...###### ... #.


You could see 3 jackals, a giant cockroach, a hobgoblin, a bat and a rat.

Vanquished Creatures
  A bat (D:1)
  A giant cockroach (D:1)
  A goblin (D:1)
  A quokka (D:1)
  A ball python (D:1)
  A rat (D:1)
6 creatures vanquished.

Notes
Turn   | Place    | Note
-------+----------+-------------------------------------------
     0 | D:1      | innerfire43 the Demonspawn Monk began the quest for the
                  | Orb.
     0 | D:1      | Reached XP level 1. HP: 18/18 MP: 1/1
    81 | D:1      | Slain by a jackal

Illustrated notes

Levels and vault maps discovered:
D:1:      spicycebolla_green_bress_n_ham_2, layout_rooms, serial_shops, shop,
          minmay_misc_feat_hallway

Action                     || total
---------------------------++-------
  Melee: Unarmed           ||    21
    Use: Potion            ||     1
 Armour: Robe              ||    19
  Dodge: Dodged            ||    72

Table legend: (Time is in decaauts)
 A = Elapsed time spent in this place.
 B = Non-inter-level travel time spent in this place.
 C = Inter-level travel time spent in this place.
 D = Time resting spent in this place.
 E = Time spent auto-exploring this place.
 F = Levels seen in this place.
 G = Mean time per level.
                   A        B        C        D        E       F      G
               +--------+--------+--------+--------+--------+-----+--------+
         Total |     79 |     79 |      0 |      0 |     36 |   1 |   79.0 |
       Dungeon |     79 |     79 |      0 |      0 |     36 |   1 |   79.0 |
               +--------+--------+--------+--------+--------+-----+--------+

Top non-repeatable levels by time:
     D:1: 79 daAuts
